Map: New Repugnancy LE

Players

BaneBrained - Winner!

  • Race: Zerg Zerg
  • League: Gold
  • Spawn Location: 1:00

Darkone

  • Race: Terran Terran
  • League: Gold
  • Spawn Location: 7:00

VOD

Have the link to the VOD?

Description

Time

  • Played on: Feb. 1, 2019, 8:34 p.m.
  • Length: 19:33
Show
View Real Time Build Order
Export as new Build Order

BaneBrained Zerg - Winner!

Build Orders: Hatch First 

Get SALT Encoding   

  12  0:03  Drone  
  13  0:13  Overlord  
  13  0:18  Drone  
  14  0:32  Drone x2  
  16  0:38  Drone  
  17  0:54  Hatchery  
  16  0:57  Drone  
  16  1:00  Drone  
  18  1:11  Extractor  
  18  1:16  Spawning Pool  
  16  1:22  Drone  
  16  1:23  Drone  
  18  1:38  Drone  
  19  1:42  Drone  
  20  1:52  Overlord  
  20  2:04  Queen  
  20  2:06  Queen  
  24  2:09  Zergling x4  
  24  2:14  Zergling x2  
  27  2:30  Metabolic Boost  
  27  2:39  Drone x5  
  27  2:42  Spine Crawler  
  31  2:53  Queen  
  33  2:59  Drone x3  
  36  3:15  Evolution Chamber  
  35  3:38  Drone  
  35  3:39  Overlord x5  
  36  3:45  Overlord  
  36  3:46  Lair  
  36  3:56  Queen, Spine Crawler  
  36  4:21  Zergling x6  
  36  4:22  Zergling x12  
  42  4:37  Zergling x10  
  37  4:55  Zergling x4  
  37  4:56  Zergling x2  
  40  5:09  Zerg Melee Weapons Level 1  
  40  5:11  Queen  
  40  5:13  Queen  
  44  5:19  Drone x4  
  47  5:57  Extractor  
  47  5:58  Hatchery  
  45  6:12  Zergling x8  
  45  6:13  Zergling x14  
  49  6:29  Zergling x8  
  49  6:30  Zergling x4  
  54  6:39  Drone x2, Baneling Nest  
  44  7:18  Drone  
  44  7:19  Drone x8  
  44  7:20  Drone  
  51  7:25  Zergling x2  
  48  7:39  Spore Crawler  
  48  7:40  Spore Crawler  
  46  7:45  Hatchery  
  46  7:47  Zerg Melee Weapons Level 2  
  46  7:50  Overlord  
  45  8:10  Hatchery  
  44  8:16  Zergling x2  
  44  8:17  Zergling x14  
  44  8:18  Zergling x8  
  56  8:22  Overseer  
  56  8:29  Drone x3  
  58  8:57  Baneling x2  
  58  8:58  Baneling x3  
  49  9:19  Drone x3  
  49  9:20  Drone x7  
  49  9:23  Drone x4  
  49  9:24  Drone x4  
  64  9:31  Spore Crawler  
  62  9:51  Hydralisk Den  
  62  9:52  Zergling x4  
  63  9:53  Zergling x16, Extractor  
  63  9:54  Zergling x10  
  63  9:58  Spore Crawler  
  71  10:28  Centrifical Hooks  
  71  10:31  Queen  
  71  10:32  Extractor  
  65  10:43  Spore Crawler  
  60  10:50  Hydralisk x7  
  60  10:51  Hydralisk x6  
  60  10:56  Spore Crawler  
  80  10:58  Overlord x2  
  78  11:11  Queen  
  78  11:16  Spore Crawler, Queen  
  79  11:25  Hydralisk x4  
  73  11:33  Zergling x12  
  73  11:34  Zergling x4  
  81  11:47  Queen, Drone x4  
  87  11:54  Hatchery  
  87  11:55  Queen  
  87  11:57  Zergling x8  
  92  12:18  Evolution Chamber  
  92  12:20  Evolution Chamber  
  84  12:25  Zergling x4  
  84  12:26  Zergling x12  
  90  12:33  Grooved Spines  
  90  12:38  Hydralisk x3  
  90  12:40  Overlord x5  
  90  12:44  Zerg Missile Weapons Level 1  
  96  12:59  Hatchery  
  96  13:03  Drone x6  
  96  13:04  Drone x2  
  103  13:05  Lair  
  103  13:07  Extractor  
  103  13:12  Extractor  
  101  13:24  Zergling x8  
  101  13:25  Zergling x14  
  101  13:26  Zergling x2  
  111  13:41  Spore Crawler  
  110  13:45  Muscular Augments  
  110  13:46  Spore Crawler  
  110  13:47  Spore Crawler  
  108  13:52  Hydralisk  
  108  13:53  Hydralisk x8  
  108  13:54  Hydralisk  
  126  14:13  Baneling x4  
  126  14:14  Baneling  
  125  14:30  Zergling x2  
  125  14:31  Zergling x14  
  127  14:32  Zergling x4  
  127  14:36  Hydralisk  
  127  14:37  Hydralisk x4  
  140  14:49  Baneling x3  
  126  15:03  Zergling x10  
  113  15:16  Zergling x10  
  113  15:17  Zergling x6  
  113  15:18  Pneumatized Carapace  
  113  15:19  Hydralisk  
  113  15:20  Hydralisk x4  
  121  15:39  Hydralisk x5  
  111  15:48  Hydralisk  
  111  15:49  Hydralisk  
  90  16:02  Extractor  
  82  16:14  Zerg Missile Weapons Level 2  
  82  16:18  Drone x7  
  87  16:19  Drone x7  
  87  16:20  Drone  
  97  16:37  Zerg Ground Armor Level 1  
  97  16:40  Hydralisk x3  
  97  16:41  Hydralisk  
  91  16:56  Hydralisk x3  
  89  17:08  Zergling x10  
  90  17:09  Zergling x16  
  90  17:10  Zergling x12  
  90  17:13  Hatchery  
  103  17:19  Hydralisk  
  103  17:20  Hydralisk x4  
  113  17:24  Queen x2  
  113  17:27  Spore Crawler x2  
  115  17:40  Hydralisk x3  
  115  17:41  Hydralisk  
  121  17:52  Hydralisk x3  
  127  18:19  Zergling x4  
  127  18:20  Zergling x10  
  127  18:21  Overlord x5  
  127  18:22  Overlord x2  
  127  18:30  Zergling x2  
  127  18:31  Zergling x10  
Show
View Real Time Build Order
Export as new Build Order

Darkone Terran 

Build Orders:  

Get SALT Encoding   

  12  0:04  SCV  
  13  0:16  SCV  
  14  0:22  Supply Depot  
  14  0:32  Refinery  
  14  0:36  SCV  
  15  0:52  Barracks  
  15  1:00  SCV  
  16  1:13  SCV  
  17  1:19  Barracks  
  17  1:26  SCV  
  17  1:31  Refinery  
  18  1:42  Barracks Reactor  
  18  1:44  SCV  
  19  1:59  Orbital Command  
  19  2:08  Reaper  
  20  2:18  Reaper  
  20  2:19  Reaper  
  22  2:27  SCV  
  23  2:45  Supply Depot  
  23  3:07  Reaper x3  
  23  3:08  Factory  
  26  3:13  Supply Depot  
  26  3:14  SCV  
  27  3:21  Command Center  
  27  3:26  SCV  
  28  3:38  SCV  
  28  3:39  Reaper x3  
  32  3:55  Factory Tech Lab  
  32  3:59  SCV  
  33  4:06  Supply Depot  
  33  4:11  SCV  
  33  4:16  Reaper x2  
  33  4:17  Reaper  
  29  4:57  SCV  
  29  4:58  Siege Tank  
  32  5:02  Barracks Tech Lab  
  32  5:08  Orbital Command  
  32  5:09  SCV  
  33  5:19  Starport  
  33  5:21  SCV  
  33  5:24  Marine x2, Stimpack  
  33  5:25  Marine  
  37  5:31  Orbital Command  
  37  5:51  Marine x3  
  37  5:56  Bunker  
  40  6:01  SCV  
  40  6:11  Marine x3  
  40  6:13  SCV  
  40  6:17  Banshee  
  40  6:18  Cloaking Field  
  47  6:22  Refinery  
  42  6:25  SCV  
  42  6:39  SCV x2  
  44  6:47  Supply Depot x2  
  44  6:51  SCV x2  
  44  6:53  Factory Tech Lab  
  46  6:58  Fusion Core  
  44  7:03  SCV x2  
  41  7:14  Banshee  
  41  7:15  SCV  
  45  7:18  Siege Tank  
  45  7:20  Marine  
  45  7:21  Marine x2  
  51  7:38  Marine x2  
  51  7:39  Marine, SCV x2  
  56  7:51  SCV x2  
  56  7:56  Marine x2  
  60  8:14  Battlecruiser  
  66  8:20  SCV x2  
  66  8:22  Starport  
  68  8:31  Weapon Refit  
  68  8:33  Refinery  
  60  9:11  Battlecruiser  
  63  9:31  SCV x2  
  63  9:43  SCV x2  
  65  9:55  SCV  
  66  10:09  Battlecruiser  
  70  10:21  Battlecruiser  
  72  10:49  Marine  
  67  10:50  Marine x2  
  67  10:59  SCV  
  68  11:07  Marine  
  66  11:11  SCV  
  66  11:16  Marine x2  
  66  11:18  Battlecruiser, Orbital Command  
  74  11:23  SCV  
  74  11:25  Marine  
  67  11:34  Marine  
  67  11:36  SCV  
  70  11:54  SCV  
  70  11:55  SCV, Armory  
  70  11:56  Armory  
  71  12:06  SCV  
  71  12:07  SCV  
  73  12:18  SCV  
  73  12:19  SCV  
  67  12:30  SCV  
  67  12:35  SCV  
  69  12:45  Refinery  
  69  12:47  Refinery  
  69  12:50  Terran Vehicle And Ship Armor Level 1  
  69  12:51  Terran Ship Weapons Level 1  
  69  13:39  Battlecruiser  
  75  14:02  SCV x2  
  77  14:14  SCV  
  78  14:33  Supply Depot  
  75  14:55  Battlecruiser  
  58  15:24  SCV  
  41  16:04  Orbital Command  
  41  16:15  Terran Vehicle And Ship Armor Level 2  
  41  16:16  Terran Ship Weapons Level 2  
  41  16:22  Command Center  
  41  16:24  Command Center  
  41  16:32  Marine x2  
  19  17:16  SCV  
  20  17:22  Marine  
  20  17:23  Marine x2  
  20  17:28  SCV  
  24  17:40  SCV  
  19  17:52  SCV  
  11  18:04  SCV  
Tags
 
Add a new tag
Caveats
  • Supply blocks, unpowered buildings, or Contaminate may cause inaccurate times.
  • Supply counts are checked every 10 seconds.